cohdb
Replays
Latest Replays
All Replays
Popular Replays
Top Player Replays
Match Explorer
How It Works
Community
CoH3 Stats
Reddit
Sign in to upload your games and track your stats! →
Sign in with Steam
Match 44360394
Unlisted
Match 44360394
Overview
Messages
Build Orders
End
Selects Indian Artillery Battlegroup
Royal Engineer Section
Construct Section Command Post
Infantry Section
Vickers Machine Gun Team
Infantry Section
Selects Artillery Saturation
ML 3-inch Mortar Team
Dingo Light Scout Car
Selects War Cry
Construct Platoon Command Post
Vickers Machine Gun Team
Selects Gurkha Rifles Section
Grenade Package
Infantry Training
Selects Off-map Airburst Barrage
Off-map Airburst Barrage
Unlock Bishop Self-propelled Artillery
War Cry
Selects BL5.5 Artillery Emplacement
Bishop Self-propelled Artillery
robwarrior
La paste
0
0
Comments
sign in to comment!
No comments posted yet!